 Dungeon Crawl Stone Soup version 0.19-a0-1210-g5c1aa26 (webtiles) character file.

32666 Duffy the Peltast (level 13, -1/112 HPs)
             Began as a Minotaur Fighter on Aug 22, 2016.
             Was the Champion of Cheibriados.
             Slain by an elephant (10 damage)
             ... on level 2 of the Lair of Beasts.
             The game lasted 00:17:26 (15633 turns).

Duffy the Peltast (Minotaur Fighter)               Turns: 15633, Time: 00:17:27

Health: -1/112     AC: 12    Str: 40    XL:     13   Next: 32%
Magic:  22/22      EV:  8    Int: 20    God:    Cheibriados [******]
Gold:   1068       SH: 17    Dex: 26    Spells: 0 memorised, 12 levels left

rFire  . . .     SeeInvis +     S - +1 morningstar (holy)
rCold  + . .     Gourm    .     M - +0 plate armour
rNeg   . . .     Faith    +     c - +0 shield
rPois  .         Spirit   .     (helmet restricted)
rElec  .         Dismiss  .     (no cloak)
rCorr  .         Reflect  .     u - +0 pair of gloves
MR     .....     Harm     .     (no boots)
Stlth  ..........               x - amulet of faith
                                X - ring of protection from cold
                                v - ring of see invisible

@: very slow
A: retaliatory headbutt, horns 2
a: Bend Time, Temporal Distortion, Slouch, Step From Time, Renounce Religion


You were on level 2 of the Lair of Beasts.
You worshipped Cheibriados.
Cheibriados was exalted by your worship.
You were not hungry.

You visited 3 branches of the dungeon, and saw 15 of its levels.
You also visited: Ice Cave.

You collected 1068 gold pieces.

Inventory:

Hand Weapons
 S - a +1 morningstar of holy wrath (weapon)
Armour
 c - a +0 shield (worn)
 u - a +0 pair of gloves (worn)
 M - a +0 plate armour (worn)
Jewellery
 v - a ring of see invisible (left hand)
 x - an amulet of faith (around neck)
 X - a ring of protection from cold (right hand)
Wands
 h - a wand of iceblast (5/15)
 I - a wand of lightning (6/15)
 O - a wand of digging (14/24)
 V - a wand of paralysis (7/24)
 W - a wand of acid (8/15)
Scrolls
 a - a scroll of holy word {unknown}
 e - 3 scrolls of magic mapping {unknown}
 j - 2 scrolls of immolation {unknown}
 k - 4 scrolls of teleportation {unknown}
 l - 3 scrolls of noise {unknown}
 m - 7 scrolls of remove curse
 q - 14 scrolls of identify {unknown}
 y - a scroll of fear {unknown}
 B - 2 scrolls of enchant armour {unknown}
 E - a scroll of random uselessness {unknown}
 K - 3 scrolls of amnesia {unknown}
 L - a scroll of fog {unknown}
 P - 3 scrolls of enchant weapon {unknown}
 Q - a scroll of silence {unknown}
 R - 2 scrolls of recharging {unknown}
 T - a scroll of blinking {unknown}
 U - a scroll of vulnerability {unknown}
Potions
 d - 2 potions of might
 g - 3 potions of curing {unknown}
 i - 2 potions of lignification {unknown}
 n - a potion of invisibility {unknown}
 o - a potion of ambrosia {unknown}
 p - 4 potions of cure mutation {unknown}
 r - a potion of brilliance {unknown}
 s - a potion of mutation {unknown}
 w - 2 potions of berserk rage {unknown}
 z - 2 potions of haste {unknown}
 A - a potion of cancellation {unknown}
 C - 4 potions of heal wounds
 D - a potion of magic {unknown}
 F - 3 potions of resistance {unknown}
 G - a potion of degeneration {unknown}
 J - 2 potions of flight {unknown}
Comestibles
 b - 2 slices of pizza
 f - 10 bread rations
 t - 11 meat rations
 H - a beef jerky
 N - 2 royal jellies
 Y - 3 chunks of flesh


   Skills:
 + Level 9.7 Fighting
 - Level 12.0 Maces & Flails
 - Level 3.6 Armour
 - Level 15.2 Shields
 - Level 14.0 Invocations


You had 12 spell levels left.
You didn't know any spells.

Dungeon Overview and Level Annotations

Branches:
Dungeon (12/15)            Temple (1/1) D:5            Lair (2/6) D:11
    Orc (0/2) D:12
  Swamp: Lair:2-4    Shoals: Lair:2-4     Snake: Lair:2-4    Spider: Lair:2-4

Altars:
Ashenzari
Cheibriados
Dithmenos
Elyvilon
Fedhas
Gozag
Hepliaklqana
Kikubaaqudgha
Makhleb
Nemelex Xobeh
Okawaru
Qazlal
Ru
Sif Muna
Trog
Uskayaw
Vehumet
Xom
Yredelemnul
Zin
The Shining One
Beogh

Shops:
D:4 :


Innate Abilities, Weirdness & Mutations

You reflexively headbutt those who attack you in melee.
You have a pair of horns on your head.


Message History

You block the elephant's attack. The elephant trunk-slaps you.
You block the elephant's attack. The elephant trunk-slaps you.
You bludgeon the elephant!! You headbutt the elephant!!
The elephant is severely wounded.
You block the elephant's attack. x2
You impale the elephant!! You headbutt the elephant.
The elephant is almost dead.
You block the elephant's attack. The elephant barely misses you.
The elephant tramples you.
You stumble backwards!
You sock the elephant!
You kill the elephant!
Cheibriados thoroughly appreciates the change of pace.
You bludgeon the elephant!! You headbutt the elephant!
The elephant is heavily wounded.
The elephant closely misses you. You furiously retaliate!
You headbutt the elephant! The elephant trunk-slaps you.
You puncture the elephant!
The elephant is severely wounded.
You block the elephant's attack. x2; The elephant tramples you!
You die...

#####...###..........#
##.#....##
#P........## P..#....#
##.........# .......##
#........P# .......#
#........## .###...#
##........# ## ##...#
#P........# ##...#
##........#
##...##....@.#.##
....##..YY%###
##....#...P.##
#........%.#
##.........#
##........#
##.......>.#
..).....(..#
...........#


You could see 2 elephants.

Vanquished Creatures
  A frost giant (IceCv)
  Fannar (D:12)
  A hydra (D:12)
  2 death yaks (IceCv)
  An unseen horror (D:11)
  2 hill giants (D:12)
  A manticore (D:11)
  2 ugly things
  A cyclops (D:12)
  An ice statue (IceCv)
  A black mamba (Lair:2)
  4 elephants (Lair:2)
  A gargoyle (D:9)
  4 spiny frogs
  15 polar bears (IceCv)
  9 blink frogs (Lair:1)
  A wraith (D:12)
  31 yaks
  Eustachio (D:6)
  A basilisk (Lair:2)
  A hippogriff (D:9)
  A hungry ghost (D:10)
  4 water moccasins
  14 ice beasts
  5 orc warriors
  6 porcupines
  A sky beast (D:9)
  A black bear (D:11)
  4 ogres
  An eye of draining (D:9)
  6 phantoms
  A wasp (D:8)
  A necrophage (D:11)
  12 wolves (IceCv)
  9 centaurs
  4 crocodiles
  A big kobold (D:7)
  10 giant frogs
  A gnoll sergeant (D:11)
  5 scorpions
  14 killer bees
  12 wights
  An electric eel (Lair:1)
  4 howler monkeys
  8 crimson imps
  2 quasits (D:10)
  3 giant frog zombies
  10 hounds
  4 jellies
  4 centaur zombies
  7 orc priests
  4 centaur skeletons
  2 giant frog skeletons
  15 orc wizards
  8 iguanas
  5 worker ants
  9 sheep
  A killer bee zombie (D:6)
  A hound zombie (D:7)
  A worker ant zombie (D:7)
  2 howler monkey zombies
  8 gnolls
  16 adders
  2 howler monkey skeletons
  9 river rats (Lair:2)
  3 shadow imps
  2 oozes
  2 adder zombies (D:9)
  2 adder skeletons
  3 dart slugs (D:1)
  4 worms
  5 giant geckos
  39 orcs
  A ball python (D:2)
  6 giant cockroaches
  7 goblins
  4 hobgoblins
  19 jackals
  4 quokkas
  10 bats
  3 giant newts
  12 kobolds
  A quokka zombie (D:5)
  7 rats
455 creatures vanquished.

Vanquished Creatures (others)
  A polar bear (IceCv)
  3 wolves (IceCv)
  A fungus (Lair:2)
  A plant (Lair:2)
6 creatures vanquished.

Grand Total: 461 creatures vanquished

Notes
Turn   | Place    | Note
-------+----------+-------------------------------------------
     0 | D:1      | Duffy the Minotaur Fighter began the quest for the Orb.
     0 | D:1      | Reached XP level 1. HP: 19/19 MP: 0/0
   372 | D:2      | Reached skill level 4 in Shields
   415 | D:3      | Reached XP level 2. HP: 26/26 MP: 1/1
   672 | D:3      | Reached XP level 3. HP: 28/31 MP: 2/2
   737 | D:4      | Reached skill level 5 in Shields
   737 | D:4      | Reached XP level 4. HP: 39/39 MP: 3/3
   746 | D:4      | Found Lywof's Book Boutique.
   766 | D:4      | Found a sacrificial altar of Ru.
   861 | D:4      | Noticed a phantom
   876 | D:4      | Killed a phantom
   876 | D:4      | Reached skill level 5 in Maces & Flails
   876 | D:4      | Reached XP level 5. HP: 45/45 MP: 4/4
   914 | D:4      | Reached skill level 6 in Shields
   925 | D:4      | Noticed a phantom
   945 | D:4      | Killed a phantom
   945 | D:4      | Reached XP level 6. HP: 51/51 MP: 5/5
  1006 | D:5      | Entered Level 5 of the Dungeon
  1006 | D:5      | Found a staircase to the Ecumenical Temple.
  1038 | Temple   | Entered the Ecumenical Temple
  1258 | Temple   | Became a worshipper of Cheibriados the Contemplative
  1429 | D:3      | Reached skill level 7 in Shields
  2460 | D:2      | Reached * piety under Cheibriados
  2520 | D:2      | Reached XP level 7. HP: 57/57 MP: 6/6
  2751 | D:2      | Reached ** piety under Cheibriados
  3255 | D:3      | Found a sparkling altar of Nemelex Xobeh.
  4028 | D:5      | Reached *** piety under Cheibriados
  4028 | D:5      | Reached skill level 5 in Fighting
  4028 | D:5      | Reached skill level 8 in Shields
  4050 | D:5      | Reached XP level 8. HP: 65/68 MP: 7/7
  4546 | D:6      | Reached skill level 9 in Shields
  4905 | D:6      | Reached **** piety under Cheibriados
  4908 | D:6      | Reached skill level 10 in Shields
  5158 | D:6      | Noticed Eustachio
  5171 | D:6      | Reached XP level 9. HP: 59/74 MP: 8/8
  5173 | D:6      | Killed Eustachio
  5173 | D:6      | Reached skill level 10 in Maces & Flails
  5812 | D:7      | Reached skill level 11 in Shields
  5825 | D:7      | Reached ***** piety under Cheibriados
  6930 | D:8      | Reached XP level 10. HP: 86/86 MP: 9/9
  7556 | D:9      | Noticed a gargoyle
  7561 | D:9      | Killed a gargoyle
  7638 | D:9      | Reached skill level 12 in Shields
  7706 | D:9      | Reached ****** piety under Cheibriados
  8085 | D:9      | Reached skill level 1 in Invocations
  8698 | D:10     | Entered Level 10 of the Dungeon
  9081 | D:10     | Found a radiant altar of Vehumet.
  9113 | D:10     | Reached skill level 13 in Shields
  9216 | D:10     | Reached XP level 11. HP: 96/97 MP: 12/12
  9488 | D:11     | Found a staircase to the Lair.
  9606 | D:11     | Reached skill level 5 in Invocations
 10243 | D:11     | Noticed a white ugly thing
 10257 | D:11     | Killed a white ugly thing
 10707 | D:11     | Reached skill level 14 in Shields
 10712 | D:11     | Noticed an unseen horror
 10722 | D:11     | Killed an unseen horror
 11086 | D:12     | Noticed a hill giant
 11091 | D:12     | Killed a hill giant
 11133 | D:12     | Noticed Fannar
 11151 | D:12     | Killed Fannar
 11444 | D:12     | Found a staircase to the Orcish Mines.
 11462 | D:12     | Found a roughly hewn altar of Beogh.
 11547 | D:12     | Noticed a four-headed hydra
 11552 | D:12     | Killed a four-headed hydra
 11595 | D:12     | Noticed a hill giant
 11602 | D:12     | Killed a hill giant
 11716 | D:12     | Reached skill level 15 in Shields
 11716 | D:12     | Reached XP level 12. HP: 105/105 MP: 17/17
 12097 | Lair:1   | Entered Level 1 of the Lair of Beasts
 12461 | Lair:1   | Found a frozen archway.
 12477 | Lair:1   | Reached skill level 10 in Invocations
 12529 | IceCv    | Entered an ice cave
 13740 | IceCv    | Noticed a death yak
 13740 | IceCv    | Noticed a frost giant
 13740 | IceCv    | Noticed a death yak
 13746 | IceCv    | Killed a death yak
 13746 | IceCv    | Killed a death yak
 13746 | IceCv    | Reached XP level 13. HP: 67/111 MP: 5/21
 13747 | IceCv    | Killed a frost giant
 15633 | Lair:2   | Slain by an elephant

Vault maps used:
D:1:      saegor_arrival_simple_a, grunt_decor_cap
D:2:      serial_bayou_pond_c, minmay_large_rounded_square, minmay_quantized
D:3:      mumra_celtic_spiral_tile, minmay_misc_feat_rows,
          nemelex_xobeh_ov_fountains_minmay
D:4:      serial_shops, shop, first_bread, nicolae_ru_great_annihilating_truth
D:6:      uniq_eustachio
D:10:     basic_altar
D:11:     dpeg_lair_monsters
D:12:     minmay_orc_entry_temple_small, uniq_fannar
Temple:   minmay_crystal_snake_temple
Lair:1:   portal_ice_cave_entry_ice_beasts
Lair:2:   spider_nest_entry_web_field, st_stairs_12
IceCv:    ice_cave_caverns_02

Skill      XL: |  1  2  3  4  5  6  7  8  9 10 11 12 13 |
---------------+----------------------------------------+-----
Shields        | 4 5 6 7 8 10 11 13 15 | 15.2
Maces & Flails | 3 4 5 6 7 9 11 12 | 12.0
Fighting       | 5 7 9 |  9.7
Invocations    | 3 8 12 14 | 14.0
Armour         | |  3.6

Action                   |  1- 3 |  4- 6 |  7- 9 | 10-12 | 13-15 || total
-------------------------+-------+-------+-------+-------+-------++-------
Melee: Flail             |    52 |   154 |   370 |   417 |       ||   993
       Headbutt          |     6 |    18 |   101 |   249 |    42 ||   416
       Morningstar       |       |       |       |   258 |   109 ||   367
Invok: Slouch            |       |       |       |     3 |     1 ||     4
  Use: Scroll            |       |       |       |     1 |       ||     1
 Stab: Paralysed         |       |     1 |       |       |       ||     1
  Eat: Chunk             |       |     6 |     7 |    13 |     4 ||    30
Armor: Chain mail        |    38 |    88 |   125 |    17 |       ||   268
       Plate armour      |       |       |       |   199 |    25 ||   224
Dodge: Dodged            |     9 |    47 |    87 |   148 |    23 ||   314
Block: Shield            |    34 |   130 |   259 |   573 |    92 ||  1088
